 Dungeon Crawl Stone Soup version 0.25.0-9-g26727b657a (webtiles) character file.

Game seed: 16622905709019031534

238 funkygono the Shield-Bearer (level 5, -12/47 HPs)
             Began as a Minotaur Fighter on June 21, 2020.
             Killed by divine providence
             ... invoked by an orc priest
              (14 damage)
             ... on level 4 of the Dungeon.
             The game lasted 00:08:12 (3005 turns).

funkygono the Shield-Bearer (Minotaur Fighter)      Turns: 3005, Time: 00:08:13

Health: -12/47     AC: 11    Str: 22    XL:     5   Next: 78%
Magic:  4/4        EV:  8    Int:  5    God:
Gold:   182        SH:  9    Dex:  9    Spells: 4/4 levels left

rFire    . . .     SeeInvis .   t - staff of energy (curse)
rCold    . . .     Gourm    .   c - +0 kite shield
rNeg     . . .     Faith    .   k - +0 scale mail
rPois    .         Spirit   .   (helmet restricted)
rElec    .         Reflect  .   i - +2 cloak
rCorr    .         Harm     .   (no gloves)
MR       .....                  s - +0 pair of boots
Stlth    ..........             q - amulet of magic regeneration
HPRegen  0.15/turn              (no ring)
MPRegen  0.34/turn              (no ring)

@: mighty, lethally poisoned (-12 -> -15)
A: retaliatory headbutt, horns 2
a: no special abilities


You were on level 4 of the Dungeon.
You were not hungry.

You visited 1 branch of the dungeon, and saw 4 of its levels.

You collected 182 gold pieces.

Inventory:

Hand Weapons
 a - a +1 whip of freezing
 b - a +0 hunting sling of freezing
 g - a +0 flail
 u - a +4 quarterstaff of chaos
Missiles
 l - 61 stones (quivered)
 m - 44 sling bullets
Armour
 c - a +0 kite shield (worn)
 i - a +2 cloak (worn)
 k - a +0 scale mail (worn)
 s - a +0 pair of boots (worn)
Magical Staves
 t - a cursed staff of energy (weapon)
Jewellery
 q - an amulet of magic regeneration (around neck)
Wands
 h - a wand of iceblast (14)
Scrolls
 e - 3 scrolls of identify
Potions
 n - 2 potions of curing
 p - 2 potions of lignification
Comestibles
 f - 8 rations


   Skills:
 + Level 4.6 Fighting
 + Level 3.1 Maces & Flails
 + Level 0.1(1.8) Staves
 + Level 3.7 Slings
 + Level 4.2 Armour
 + Level 0.8 Dodging
 + Level 0.1 Stealth
 + Level 4.8 Shields


You had 4 spell levels left.
You didn't know any spells.
Your spell library was empty.

Dungeon Overview and Level Annotations

Branches:
Dungeon (4/15)             Temple (0/1) D:4

Altars:
Uskayaw


Innate Abilities, Weirdness & Mutations

You reflexively headbutt those who attack you in melee.
You have a pair of horns on your head.


Message History

The worker ant bites you but does no damage.
You barely miss the worker ant. The worker ant bites you.
You are poisoned.
The worker ant poisons you!
You hit the worker ant.
The worker ant is lightly wounded.
You feel sick.
The worker ant bites you but does no damage.
The orc hits you but does no damage. You block the worker ant's attack.
The orc priest invokes the aid of Beogh against you.
Beogh smites you!
* * * LOW HITPOINT WARNING * * *
You hit the orc!
You kill the orc!
* * * LOW HITPOINT WARNING * * *
You feel sick. The orc completely misses you.
You block the worker ant's attack.
The orc priest invokes the aid of Beogh against you.
Beogh smites you!
You die...

#.......#......#
#..#.....#......###
#.................# #
##.#....<........#..#
#.###...............
# #####...........
#...............
##......##......
##o##.)@##.....
##..####†aoo....
#o.o##.oooo.....
###..##..o.##...#
#.#..#.....## ..#
..#....8>8....# ..
#................ #
.....#<.....<.....
####.#......#.....#


You could see a worker ant, an orc priest, an orc wizard and 5 orcs.

Vanquished Creatures
  Crazy Yiuf (D:3)
  Natasha (D:3)
  Ijyb (D:3)
  6 adders
  An ooze (D:3)
  2 worms (D:3)
  3 dart slugs
  3 leopard geckos
  4 orcs
  2 giant cockroaches (D:1)
  10 goblins
  9 hobgoblins
  7 jackals
  4 quokkas
  3 ball pythons
  9 bats
  6 frilled lizards
  7 kobolds
  9 rats
88 creatures vanquished.

Notes
Turn   | Place    | Note
-------+----------+-------------------------------------------
     0 | D:1      | funkygono the Minotaur Fighter began the quest for the Orb.
     0 | D:1      | Reached XP level 1. HP: 19/19 MP: 0/0
   184 | D:1      | Reached XP level 2. HP: 27/27 MP: 1/1
  1083 | D:2      | Reached XP level 3. HP: 33/33 MP: 2/2
  1310 | D:2      | Reached skill level 1 in Slings
  1338 | D:2      | Reached XP level 4. HP: 36/40 MP: 3/3
  1960 | D:3      | Found a hide-covered altar of Uskayaw.
  2117 | D:3      | Noticed Ijyb
  2120 | D:3      | Killed Ijyb
  2120 | D:3      | Reached XP level 5. HP: 47/47 MP: 4/4
  2202 | D:3      | Noticed Natasha
  2203 | D:3      | Killed Natasha
  2650 | D:3      | Found a runed translucent door.
  2651 | D:3      | Noticed Crazy Yiuf
  2740 | D:3      | Killed Crazy Yiuf
  2989 | D:4      | Found a staircase to the Ecumenical Temple.
  3005 | D:4      | HP: 2/47 [poisoned by a worker ant]
  3005 | D:4      | Killed from afar by an orc priest

Illustrated notes

Levels and vault maps discovered:
D:1:      psy_arrival_basics, layout_basic, hangedman_glass_teeth
D:2:      layout_loops_ring, minmay_diced_spiral
D:3:      wad_river_or_something, layout_basic, lemuel_round_altar,
          first_ration, uniq_ijyb, uniq_natasha, uniq_crazy_yiuf_cottage
D:4:      layout_cave_pools, kiku_gazebo_garden_becter, temple_statues,
          gammafunk_ghost_icy

Skill      XL: |  1  2  3  4  5 |
---------------+----------------+-----
Shields        | 4 |  4.8
Fighting       | 4 |  4.6
Armour         | 4 |  4.2
Slings         | 1 2 3 |  3.7
Maces & Flails | 3 |  3.1
Staves         | |  0.1
Dodging        | |  0.8
Stealth        | |  0.1

Action                   |  1- 3 |  4- 6 || total
-------------------------+-------+-------++-------
Melee: Flail             |    42 |       ||    42
       Headbutt          |    15 |    14 ||    29
       Whip              |    36 |    70 ||   106
       Staff             |       |    24 ||    24
 Fire: Hunting sling     |    30 |    47 ||    77
  Use: Scroll            |     4 |     6 ||    10
       Potion            |       |     2 ||     2
  Eat: Chunk             |     1 |     6 ||     7
Armor: Scale mail        |    29 |    40 ||    69
Dodge: Dodged            |    27 |    25 ||    52
Block: Kite shield       |    51 |    47 ||    98
